 Dungeon Crawl Stone Soup version 0.23-a0-536-g5e0f5a2 (webtiles) character file.

16 zishaf the Skirmisher (level 2, -3/28 HPs)
             Began as a Minotaur Monk on Dec 6, 2018.
             Killed from afar by a dart slug (8 damage)
             ... with a slug dart
             ... on level 1 of the Dungeon.
             The game lasted 00:00:40 (164 turns).

zishaf the Skirmisher (Minotaur Monk)                Turns: 164, Time: 00:00:41

Health: -3/28      AC:  2    Str: 15    XL:     2   Next: 41%
Magic:  1/1        EV: 13    Int:  7    God:
Gold:   17         SH:  0    Dex: 12    Spells: 1/1 levels left

rFire    . . .     SeeInvis .   a - +0 hand axe
rCold    . . .     Gourm    .   (no shield)
rNeg     . . .     Faith    .   b - +0 robe
rPois    .         Spirit   .   (helmet restricted)
rElec    .         Reflect  .   (no cloak)
rCorr    .         Harm     .   (no gloves)
MR       .....                  (no boots)
Stlth    ++........             (no amulet)
HPRegen  0.09/turn              (no ring)
MPRegen  0.07/turn              (no ring)

@: no status effects
A: retaliatory headbutt, horns 2
a: no special abilities


You were on level 1 of the Dungeon.
You were not hungry.

You visited 1 branch of the dungeon, and saw 1 of its levels.

You collected 17 gold pieces.

Inventory:

Hand Weapons
 a - a +0 hand axe (weapon)
Armour
 b - a +0 robe (worn)
Scrolls
 d - a scroll of noise {unknown}
 e - a scroll of remove curse {unknown}
 f - 3 scrolls of teleportation {unknown}
Comestibles
 c - a ration
 g - 2 chunks of flesh


   Skills:
 * Level 4.4 Fighting
 - Level 3.6 Axes
 + Level 1.2 Armour
 - Level 3.2 Dodging
 - Level 1.5 Stealth


You had one spell level left.
You didn't know any spells.
Your spell library was empty.

Dungeon Overview and Level Annotations

Branches:
Dungeon (1/15)

Altars:


Innate Abilities, Weirdness & Mutations

You reflexively headbutt those who attack you in melee.
You have a pair of horns on your head.


Message History

The dart slug is severely wounded.
You hit the hobgoblin.
You kill the hobgoblin!
You hit the goblin. The bat barely misses you. The dart slug bites you.
* * * LOW HITPOINT WARNING * * *
The bat closely misses you. The goblin hits you.
* * * LOW HITPOINT WARNING * * *
You hit the dart slug but do no damage.
The dart slug is severely wounded.
You hit the goblin.
You kill the goblin!
You hit the bat but do no damage. The bat hits you but does no damage.
The dart slug misses you.
You completely miss the dart slug.
The dart slug is severely wounded.
The bat barely misses you. You furiously retaliate!
You headbutt the bat.
You kill the bat!
The dart slug launches a dart at you. The slug dart hits you!
You die...

........#.....#
........#.....# ..
........#.....# ...
.....÷..#.....# ....
........#.....######....
........#.........(.....
........#............###
.................†......
................@w).....
.....##..........##.....
.....#######)....# ...
.....# #.....# . .....
#....?# ##### #.....#
#.....# #.....# #######


You could see a dart slug.

Vanquished Creatures
  3 bats (D:1)
  A giant cockroach (D:1)
  A goblin (D:1)
  3 hobgoblins (D:1)
  2 frilled lizards (D:1)
  7 rats (D:1)
17 creatures vanquished.

Notes
Turn   | Place    | Note
-------+----------+-------------------------------------------
     0 | D:1      | zishaf the Minotaur Monk began the quest for the Orb.
     0 | D:1      | Reached XP level 1. HP: 19/19 MP: 0/0
    48 | D:1      | Reached skill level 4 in Fighting
   101 | D:1      | Reached skill level 1 in Armour
   128 | D:1      | Reached XP level 2. HP: 18/27 MP: 1/1
   164 | D:1      | Killed from afar by a dart slug

Vault maps used:
D:1:      onia_arrival_handbag

Skill      XL: |  1 |
---------------+----+-----
Fighting       | 4 |  4.4
Armour         | 1 |  1.2
Axes           | |  3.6
Dodging        | |  3.2
Stealth        | |  1.5

Action                   || total
-------------------------++-------
Melee: Hand axe          ||    36
       Headbutt          ||     2
 Stab: Sleeping          ||     1
Armor: Robe              ||     4
Dodge: Dodged            ||    22

Table legend:
 A = Non-vault XP
 B = Vault XP
 C = Vault XP percentage of total XP
 D = Non-vault monster count
 E = Vault monster count
 F = Vault count percentage of total count
                 A         B        C        D         E       F
            +---------+---------+-------+---------+---------+-------
      Total |      23 |       1 |   4.2 |      16 |       1 |   5.9
            +---------+---------+-------+---------+---------+-------
        D:1 |      23 |       1 |   4.2 |      16 |       1 |   5.9
            +---------+---------+-------+---------+---------+-------
